[ AOE2 MATCH · #478418416 ]
UnrankedMagyars vs Bengalis
Player's team · LOSS
[ REPLAY ANALYSIS · EXTRACTED FROM THE RECORDED GAME ]
Feudal
11:27
Castle
19:07
Imperial
44:19
| APM avg | 94.4 |
| APM peak | 149 |
| eAPM avg | 35.1 |
| Villagers / military | 238 / 291 |
Focus
⚔️ 34.9% · 🌾 65.1%
Cavalry Archer ×215 · Scout Cavalry ×57 · Trebuchet (Packed) ×17 · Knight ×1 · Skirmisher ×1
Feudal
14:30
Castle
36:51
Imperial
—
| APM avg | 36.2 |
| APM peak | 77 |
| eAPM avg | 17.5 |
| Villagers / military | 132 / 134 |
Focus
⚔️ 33.3% · 🌾 66.7%
Archer ×103 · Armored Elephant ×20 · Skirmisher ×10 · Militia ×1
Feudal
13:41
Castle
24:59
Imperial
—
| APM avg | 58.6 |
| APM peak | 100 |
| eAPM avg | 29.1 |
| Villagers / military | 200 / 136 |
Focus
⚔️ 27.1% · 🌾 72.9%
Knight ×73 · Ballista Elephant ×21 · Scout Cavalry ×20 · Scorpion ×18 · Spearman ×3 · Battering Ram ×1
Feudal
14:52
Castle
18:28
Imperial
46:20
| APM avg | 38.7 |
| APM peak | 161 |
| eAPM avg | 16.4 |
| Villagers / military | 102 / 204 |
Focus
⚔️ 39.2% · 🌾 60.8%
Bolas Rider ×127 · Kona ×71 · Fishing Ship ×36 · Trebuchet (Packed) ×3 · Spearman ×2 · Unknown (2550) ×1
Feudal
11:15
Castle
21:29
Imperial
39:48
| APM avg | 61.4 |
| APM peak | 132 |
| eAPM avg | 35.9 |
| Villagers / military | 152 / 342 |
Focus
⚔️ 57.3% · 🌾 42.7%
Archer ×134 · Spearman ×131 · Militia ×57 · Bombard Cannon ×11 · Fishing Ship ×6 · Scout Cavalry ×4
Feudal
13:44
Castle
17:48
Imperial
48:10
| APM avg | 33.0 |
| APM peak | 76 |
| eAPM avg | 18.7 |
| Villagers / military | 152 / 135 |
Focus
⚔️ 45.7% · 🌾 54.3%
Unknown (882) ×205 · Genoese Crossbowman ×75 · Skirmisher ×44 · Spearman ×10 · Trebuchet (Packed) ×6
Feudal
12:20
Castle
26:14
Imperial
41:14
| APM avg | 25.6 |
| APM peak | 53 |
| eAPM avg | 16.5 |
| Villagers / military | 185 / 136 |
Focus
⚔️ 31.1% · 🌾 68.9%
Spearman ×107 · Skirmisher ×8 · Bombard Cannon ×6 · Trebuchet (Packed) ×6 · Scout Cavalry ×5 · Hand Cannoneer ×4
Feudal
13:01
Castle
16:42
Imperial
42:51
| APM avg | 43.3 |
| APM peak | 93 |
| eAPM avg | 19.1 |
| Villagers / military | 140 / 141 |
Focus
⚔️ 28.4% · 🌾 71.6%
Skirmisher ×71 · Mameluke ×61 · Fishing Ship ×9 · Mangonel ×3 · Scorpion ×2 · Trebuchet (Packed) ×2
Match map
Initial resources + every placement click. Lines = walls · curves = elevation contours. ◆ gold · ⬟ stone · ● berries · ✦ relic · ◌ wall gap
Your base· Open — unwalled flank
Basher's base· Open — 12t gap
eljotad8's base· Open — unwalled flank
survivorsteven's base· Open — unwalled flank
[CL] Dubstepyzed's base· Open — 5t gap
姬七兮's base· Open — unwalled flank
Letra es mas malo que rapo's base· Open — unwalled flank
我是你巴巴's base· Open — 13t gap
Smoothed initial terrain · ◌ = detected wall gap · hover for details
Inputs per minute
— [CL] Nitrolanco - - Basher
Build order — [CL] Nitrolanco
First 150 of 478 actions detected
| 0:36 | Build | Town Center |
| 1:34 | Build | House |
| 2:33 | Create | Villager (Male) |
| 2:33 | Create | Villager (Male) |
| 2:38 | Create | Villager (Male) |
| 2:43 | Build | House |
| 2:49 | Create | Villager (Male) |
| 2:49 | Create | Villager (Male) |
| 3:45 | Create | Villager (Male) |
| 4:00 | Build | House |
| 4:09 | Create | Villager (Male) |
| 4:40 | Create | Villager (Male) |
| 4:59 | Build | House |
| 5:12 | Create | Villager (Male) |
| 5:12 | Create | Villager (Male) |
| 5:24 | Build | House |
| 5:33 | Create | Villager (Male) |
| 5:36 | Build | House |
| 5:45 | Create | Villager (Male) |
| 5:54 | Build | House |
| 6:05 | Create | Villager (Male) |
| 6:10 | Create | Villager (Male) |
| 6:26 | Create | Villager (Male) |
| 6:35 | Build | Lumber Camp |
| 6:40 | Build | House |
| 7:04 | Create | Villager (Male) |
| 7:20 | Create | Villager (Male) |
| 7:51 | Create | Villager (Male) |
| 8:01 | Create | Villager (Male) |
| 8:13 | Create | Villager (Male) |
| 8:23 | Create | Villager (Male) |
| 8:43 | Research | Loom |
| 8:56 | Build | Mill |
| 9:17 | Research | Feudal Age |
| 9:31 | Create | Villager (Male) |
| 9:46 | Create | Villager (Male) |
| 10:06 | Build | House |
| 10:29 | Build | Barracks |
| 10:32 | Create | Villager (Male) |
| 10:38 | Build | House |
| 11:27 | Age | Feudal Age |
| 11:53 | Build | Stable |
| 12:28 | Research | Double-Bit Axe |
| 12:29 | Research | Double-Bit Axe |
| 12:31 | Create | Villager (Male) |
| 12:35 | Create | Scout Cavalry |
| 12:42 | Build | House |
| 12:47 | Create | Villager (Male) |
| 12:51 | Create | Scout Cavalry |
| 12:57 | Create | Villager (Male) |
| 13:01 | Build | House |
| 13:03 | Create | Villager (Male) |
| 13:04 | Create | Scout Cavalry |
| 13:22 | Build | House |
| 13:26 | Build | House |
| 13:27 | Build | Palisade Wall |
| 13:41 | Create | Scout Cavalry |
| 13:48 | Create | Villager (Male) |
| 13:56 | Create | Scout Cavalry |
| 14:01 | Build | House |
| 14:12 | Create | Scout Cavalry |
| 14:13 | Create | Villager (Male) |
| 14:17 | Create | Villager (Male) |
| 14:27 | Create | Villager (Male) |
| 14:28 | Create | Scout Cavalry |
| 14:41 | Build | Mining Camp |
| 15:16 | Create | Villager (Male) |
| 15:31 | Build | Market |
| 16:22 | Research | Castle Age |
| 16:22 | Research | Castle Age |
| 17:12 | Build | Blacksmith |
| 17:17 | Research | Gold Mining |
| 17:24 | Create | Villager (Male) |
| 17:36 | Research | Bloodlines |
| 18:03 | Build | Archery Range |
| 18:10 | Build | House |
| 18:41 | Build | House |
| 19:01 | Build | Archery Range |
| 19:07 | Age | Castle Age |
| 19:12 | Create | Cavalry Archer |
| 19:13 | Create | Cavalry Archer |
| 19:15 | Create | Villager (Male) |
| 19:19 | Create | Cavalry Archer |
| 19:23 | Research | Husbandry |
| 19:30 | Build | House |
| 19:33 | Research | Fletching |
| 19:35 | Create | Knight |
| 19:42 | Create | Villager (Male) |
| 19:54 | Build | Farm |
| 19:56 | Build | Farm |
| 20:00 | Create | Cavalry Archer |
| 20:00 | Create | Cavalry Archer |
| 20:08 | Build | House |
| 20:10 | Research | Bodkin Arrow |
| 20:21 | Create | Villager (Male) |
| 20:30 | Create | Cavalry Archer |
| 20:30 | Create | Cavalry Archer |
| 20:44 | Create | Cavalry Archer |
| 20:47 | Create | Villager (Male) |
| 20:48 | Create | Cavalry Archer |
| 21:07 | Build | Town Center |
| 21:11 | Create | Cavalry Archer |
| 21:11 | Create | Cavalry Archer |
| 21:16 | Create | Villager (Male) |
| 21:32 | Create | Cavalry Archer |
| 21:40 | Build | Mill |
| 21:55 | Create | Cavalry Archer |
| 21:55 | Create | Cavalry Archer |
| 21:57 | Create | Villager (Male) |
| 21:57 | Create | Villager (Male) |
| 22:03 | Create | Cavalry Archer |
| 22:03 | Create | Cavalry Archer |
| 22:20 | Create | Cavalry Archer |
| 22:20 | Create | Cavalry Archer |
| 22:34 | Build | Farm |
| 22:35 | Build | Farm |
| 22:35 | Build | Farm |
| 22:43 | Create | Villager (Male) |
| 22:55 | Create | Cavalry Archer |
| 22:58 | Create | Villager (Male) |
| 23:02 | Create | Cavalry Archer |
| 23:02 | Create | Cavalry Archer |
| 23:07 | Build | Farm |
| 23:21 | Create | Villager (Male) |
| 23:25 | Create | Cavalry Archer |
| 23:37 | Create | Villager (Male) |
| 23:38 | Create | Villager (Male) |
| 23:48 | Build | Farm |
| 23:52 | Create | Villager (Male) |
| 23:53 | Create | Villager (Male) |
| 24:06 | Research | Bow Saw |
| 24:06 | Research | Bow Saw |
| 24:09 | Build | Farm |
| 24:39 | Create | Villager (Male) |
| 24:52 | Create | Villager (Male) |
| 24:56 | Create | Cavalry Archer ×3 |
| 25:13 | Create | Villager (Male) |
| 25:20 | Build | University |
| 25:24 | Build | University |
| 25:35 | Build | Farm |
| 25:45 | Create | Villager (Male) |
| 25:52 | Build | Farm |
| 25:52 | Build | Farm |
| 26:00 | Create | Cavalry Archer |
| 26:01 | Create | Cavalry Archer |
| 26:03 | Create | Villager (Male) |
| 26:17 | Create | Cavalry Archer |
| 26:17 | Create | Cavalry Archer |
| 26:26 | Build | Town Center |
| 26:31 | Create | Villager (Male) |
Build order — Basher
First 150 of 410 actions detected
| 1:10 | Build | Town Center |
| 3:05 | Build | House |
| 3:25 | Create | Villager (Male) |
| 3:26 | Create | Villager (Male) |
| 3:26 | Create | Villager (Male) |
| 3:26 | Create | Villager (Male) |
| 4:57 | Create | Villager (Male) |
| 5:23 | Build | House |
| 5:30 | Research | Loom |
| 5:58 | Create | Villager (Male) |
| 6:20 | Create | Villager (Male) |
| 6:58 | Create | Villager (Male) |
| 7:14 | Build | Mill |
| 7:22 | Create | Villager (Male) |
| 7:42 | Create | Villager (Male) |
| 8:09 | Create | Villager (Male) |
| 8:24 | Build | House |
| 8:35 | Create | Villager (Male) |
| 8:43 | Build | House |
| 8:54 | Build | House |
| 8:56 | Create | Villager (Male) |
| 9:11 | Build | Mill |
| 9:12 | Create | Villager (Male) |
| 9:25 | Create | Villager (Male) |
| 9:44 | Build | House |
| 10:02 | Create | Villager (Male) |
| 10:27 | Create | Villager (Male) |
| 10:51 | Create | Villager (Male) |
| 10:55 | Create | Villager (Male) |
| 10:59 | Build | Lumber Camp |
| 12:20 | Research | Feudal Age |
| 12:22 | Build | Barracks |
| 12:59 | Build | House |
| 13:01 | Build | Palisade Wall |
| 13:52 | Build | Palisade Wall |
| 13:59 | Build | Palisade Gate |
| 14:30 | Age | Feudal Age |
| 14:31 | Build | Archery Range |
| 14:38 | Create | Villager (Male) |
| 14:38 | Create | Villager (Male) |
| 14:58 | Build | Palisade Wall |
| 15:05 | Build | Archery Range |
| 15:24 | Create | Villager (Male) |
| 15:27 | Build | House |
| 15:29 | Build | Palisade Wall |
| 15:31 | Build | Palisade Wall |
| 15:33 | Create | Archer |
| 15:41 | Create | Villager (Male) |
| 15:55 | Build | Palisade Wall |
| 16:00 | Create | Villager (Male) |
| 16:00 | Create | Archer |
| 16:19 | Create | Villager (Male) |
| 16:20 | Create | Villager (Male) |
| 16:35 | Create | Archer |
| 16:35 | Create | Archer |
| 16:36 | Create | Archer |
| 16:59 | Create | Villager (Male) |
| 17:17 | Research | Double-Bit Axe |
| 17:32 | Create | Archer |
| 17:47 | Create | Villager (Male) |
| 17:55 | Create | Archer |
| 17:56 | Create | Archer |
| 18:22 | Create | Villager (Male) |
| 18:32 | Build | Market |
| 18:37 | Build | Palisade Wall |
| 18:38 | Create | Villager (Male) |
| 18:43 | Create | Archer |
| 18:43 | Create | Archer |
| 18:48 | Create | Villager (Male) |
| 18:54 | Build | House |
| 18:58 | Build | Palisade Wall |
| 19:08 | Build | Palisade Wall |
| 19:10 | Build | Palisade Wall |
| 19:33 | Build | Blacksmith |
| 19:35 | Build | Palisade Wall |
| 19:49 | Build | Farm |
| 19:56 | Build | Farm |
| 19:57 | Create | Villager (Male) |
| 20:17 | Create | Archer |
| 20:17 | Create | Archer |
| 20:29 | Build | House |
| 20:35 | Create | Villager (Male) |
| 20:44 | Build | Farm |
| 20:45 | Build | Farm |
| 20:51 | Research | Padded Archer Armor |
| 21:00 | Build | Farm |
| 21:01 | Build | Farm |
| 21:02 | Build | Farm |
| 21:26 | Create | Archer |
| 21:27 | Create | Archer |
| 21:57 | Create | Villager (Male) |
| 22:07 | Build | House |
| 22:13 | Create | Villager (Male) |
| 22:34 | Research | Fletching |
| 22:40 | Create | Archer |
| 22:43 | Create | Villager (Male) |
| 22:49 | Build | Farm |
| 22:52 | Build | Farm |
| 22:55 | Create | Archer |
| 23:06 | Build | House |
| 23:10 | Research | Wheelbarrow |
| 23:30 | Create | Villager (Male) |
| 23:34 | Build | Farm |
| 23:36 | Build | Farm |
| 23:37 | Build | House |
| 23:55 | Create | Archer |
| 23:55 | Create | Archer |
| 23:56 | Create | Villager (Male) |
| 24:03 | Create | Villager (Male) |
| 24:33 | Create | Archer |
| 24:33 | Create | Archer |
| 24:34 | Create | Archer |
| 25:04 | Create | Archer |
| 25:05 | Create | Archer |
| 25:06 | Create | Archer |
| 25:07 | Create | Villager (Male) |
| 25:22 | Create | Villager (Male) |
| 25:26 | Build | Archery Range |
| 25:31 | Create | Archer |
| 25:34 | Create | Villager (Male) |
| 25:57 | Create | Villager (Male) |
| 25:59 | Create | Archer |
| 26:00 | Create | Archer |
| 26:10 | Create | Skirmisher |
| 26:12 | Create | Skirmisher |
| 26:19 | Build | House |
| 26:22 | Build | House |
| 26:29 | Build | Palisade Wall |
| 26:36 | Create | Skirmisher |
| 26:36 | Create | Skirmisher |
| 26:44 | Create | Villager (Male) |
| 26:46 | Create | Skirmisher |
| 26:47 | Create | Skirmisher |
| 27:05 | Build | House |
| 27:17 | Create | Skirmisher |
| 27:24 | Create | Skirmisher |
| 27:24 | Create | Skirmisher |
| 27:25 | Create | Skirmisher |
| 27:27 | Create | Villager (Male) |
| 27:36 | Create | Villager (Male) |
| 27:40 | Build | Palisade Gate |
| 27:54 | Create | Villager (Male) |
| 27:55 | Create | Archer |
| 27:56 | Create | Archer |
| 27:56 | Create | Archer |
| 28:14 | Create | Villager (Male) |
| 28:18 | Build | House |
| 28:19 | Build | House |
| 28:26 | Create | Villager (Male) |
| 28:39 | Create | Villager (Male) |
Build order — eljotad8
First 150 of 515 actions detected
| 1:38 | Build | Town Center |
| 3:38 | Build | House |
| 3:46 | Create | Villager (Male) |
| 3:46 | Create | Villager (Male) |
| 4:05 | Create | Villager (Male) |
| 4:34 | Build | House |
| 4:40 | Create | Villager (Male) |
| 5:14 | Create | Villager (Male) |
| 5:45 | Create | Villager (Male) |
| 5:45 | Create | Villager (Male) |
| 6:01 | Build | Lumber Camp |
| 6:02 | Create | Villager (Male) |
| 6:02 | Create | Villager (Male) |
| 6:24 | Create | Villager (Male) |
| 6:25 | Create | Villager (Male) |
| 6:42 | Create | Villager (Male) |
| 7:22 | Create | Villager (Male) |
| 7:23 | Create | Villager (Male) |
| 7:23 | Create | Villager (Male) |
| 7:42 | Build | Mill |
| 8:17 | Create | Villager (Male) |
| 8:17 | Create | Villager (Male) |
| 8:22 | Build | House |
| 8:26 | Research | Loom |
| 8:56 | Build | House |
| 9:12 | Create | Villager (Male) |
| 9:16 | Create | Villager (Male) |
| 9:46 | Create | Villager (Male) |
| 10:13 | Build | Barracks |
| 10:22 | Create | Villager (Male) |
| 10:23 | Create | Villager (Male) |
| 11:31 | Research | Feudal Age |
| 11:32 | Research | Feudal Age |
| 11:38 | Build | Barracks |
| 11:41 | Build | House |
| 13:19 | Create | Villager (Male) |
| 13:41 | Age | Feudal Age |
| 13:46 | Build | Stable |
| 13:51 | Build | Blacksmith |
| 13:53 | Research | Double-Bit Axe |
| 13:53 | Research | Double-Bit Axe |
| 13:55 | Create | Villager (Male) |
| 14:00 | Create | Spearman |
| 14:11 | Create | Villager (Male) |
| 14:36 | Create | Scout Cavalry |
| 14:36 | Create | Scout Cavalry |
| 14:36 | Create | Scout Cavalry |
| 14:51 | Build | Mill |
| 14:53 | Create | Spearman |
| 14:53 | Create | Spearman |
| 14:58 | Create | Villager (Male) |
| 15:04 | Build | Farm |
| 15:30 | Create | Villager (Male) |
| 15:31 | Create | Villager (Male) |
| 15:33 | Build | Farm |
| 15:33 | Build | Farm |
| 15:53 | Research | Wheelbarrow |
| 15:54 | Build | House |
| 15:55 | Build | House |
| 16:07 | Build | House |
| 16:11 | Research | Forging |
| 16:11 | Research | Forging |
| 16:26 | Build | Farm |
| 16:27 | Build | Farm |
| 16:35 | Create | Scout Cavalry |
| 16:46 | Build | Farm |
| 17:03 | Create | Villager (Male) |
| 17:05 | Build | Farm |
| 17:16 | Create | Scout Cavalry |
| 17:30 | Create | Villager (Male) |
| 17:44 | Create | Villager (Male) |
| 17:46 | Build | Farm |
| 17:48 | Create | Scout Cavalry |
| 17:58 | Create | Villager (Male) |
| 18:22 | Create | Villager (Male) |
| 18:26 | Build | Archery Range |
| 18:33 | Research | Bloodlines |
| 18:33 | Research | Bloodlines |
| 19:27 | Create | Scout Cavalry |
| 19:27 | Create | Scout Cavalry |
| 19:30 | Build | Farm |
| 19:30 | Build | Farm |
| 19:31 | Create | Villager (Male) |
| 19:32 | Create | Villager (Male) |
| 19:37 | Build | Lumber Camp |
| 20:06 | Build | House |
| 20:07 | Build | House |
| 20:15 | Research | Scale Barding Armor |
| 20:15 | Research | Scale Barding Armor |
| 20:16 | Create | Scout Cavalry |
| 20:38 | Create | Villager (Male) |
| 20:51 | Build | Mill |
| 21:12 | Create | Villager (Male) |
| 21:19 | Build | Farm |
| 21:43 | Create | Villager (Male) |
| 22:19 | Research | Castle Age |
| 22:19 | Research | Castle Age |
| 22:24 | Build | Stable |
| 22:53 | Research | Horse Collar |
| 22:53 | Research | Horse Collar |
| 22:54 | Research | Horse Collar |
| 23:19 | Create | Villager (Male) |
| 24:59 | Age | Castle Age |
| 25:01 | Create | Villager (Male) |
| 25:03 | Create | Knight |
| 25:04 | Create | Knight |
| 25:06 | Research | Bow Saw |
| 25:07 | Create | Villager (Male) |
| 25:14 | Build | Town Center |
| 25:23 | Create | Knight |
| 25:24 | Create | Knight |
| 25:49 | Create | Scout Cavalry |
| 25:50 | Create | Scout Cavalry |
| 26:05 | Create | Villager (Male) |
| 26:20 | Create | Villager (Male) |
| 26:22 | Create | Villager (Male) |
| 26:22 | Create | Villager (Male) |
| 26:38 | Create | Knight |
| 26:47 | Build | Farm |
| 26:57 | Create | Villager (Male) |
| 26:59 | Create | Villager (Male) |
| 27:11 | Create | Knight |
| 27:15 | Build | Farm |
| 27:15 | Build | Farm |
| 27:17 | Create | Villager (Male) |
| 27:20 | Build | House |
| 27:21 | Build | House |
| 27:26 | Research | Light Cavalry (upgrade) |
| 27:26 | Research | Light Cavalry (upgrade) |
| 27:28 | Create | Scout Cavalry |
| 27:29 | Create | Knight |
| 27:59 | Research | Husbandry |
| 27:59 | Research | Husbandry |
| 28:00 | Create | Knight |
| 28:01 | Create | Scout Cavalry |
| 28:17 | Create | Knight |
| 28:23 | Build | Farm |
| 28:23 | Build | Farm |
| 28:25 | Create | Villager (Male) |
| 28:45 | Create | Knight |
| 28:46 | Create | Villager (Male) |
| 28:47 | Create | Villager (Male) |
| 28:48 | Create | Villager (Male) |
| 29:02 | Create | Knight |
| 29:03 | Create | Knight |
| 29:13 | Research | Chain Barding Armor |
| 29:13 | Research | Chain Barding Armor |
| 29:18 | Create | Villager (Male) |
| 29:32 | Create | Villager (Male) |
| 29:54 | Create | Knight |
Build order — survivorsteven
First 150 of 329 actions detected
| 0:16 | Build | Town Center |
| 2:32 | Create | Villager (Male) ×4 |
| 2:40 | Build | House |
| 3:23 | Build | House |
| 3:25 | Create | Villager (Male) |
| 3:26 | Create | Villager (Male) |
| 4:23 | Create | Villager (Male) |
| 4:23 | Create | Villager (Male) |
| 4:23 | Create | Villager (Male) |
| 4:48 | Build | House |
| 5:14 | Create | Villager (Male) |
| 5:14 | Create | Villager (Male) |
| 5:22 | Create | Villager (Male) |
| 5:22 | Create | Villager (Male) |
| 6:24 | Build | Settlement |
| 6:28 | Create | Villager (Male) |
| 6:29 | Create | Villager (Male) |
| 6:29 | Create | Villager (Male) |
| 7:16 | Create | Villager (Male) |
| 8:24 | Create | Villager (Male) |
| 8:24 | Create | Villager (Male) |
| 8:24 | Create | Villager (Male) |
| 8:36 | Create | Villager (Male) |
| 8:36 | Create | Villager (Male) |
| 9:18 | Build | Settlement |
| 10:10 | Create | Villager (Male) |
| 10:10 | Create | Villager (Male) |
| 11:10 | Create | Villager (Male) |
| 11:23 | Build | Barracks |
| 11:52 | Create | Villager (Male) |
| 11:53 | Research | Loom |
| 11:54 | Research | Feudal Age |
| 12:16 | Create | Unit 2550 |
| 12:22 | Build | Settlement |
| 13:14 | Build | Outpost |
| 13:50 | Build | Outpost |
| 14:50 | Create | Villager (Male) |
| 14:51 | Create | Villager (Male) |
| 14:52 | Age | Feudal Age |
| 14:53 | Build | Archery Range |
| 14:56 | Build | Market |
| 15:35 | Build | Outpost |
| 15:48 | Research | Castle Age |
| 15:48 | Research | Castle Age |
| 17:10 | Build | Archery Range |
| 17:24 | Build | Outpost |
| 17:36 | Build | Blacksmith |
| 17:49 | Research | Double-Bit Axe |
| 18:03 | Build | Outpost |
| 18:28 | Age | Castle Age |
| 18:32 | Create | Bolas Rider |
| 18:32 | Create | Bolas Rider |
| 18:32 | Create | Bolas Rider |
| 18:45 | Build | Town Center |
| 18:51 | Create | Spearman |
| 18:51 | Create | Spearman |
| 19:03 | Create | Villager (Male) |
| 19:03 | Create | Villager (Male) |
| 19:33 | Build | Town Center |
| 19:53 | Create | Villager (Male) |
| 19:54 | Create | Villager (Male) |
| 20:38 | Create | Bolas Rider |
| 20:38 | Create | Bolas Rider |
| 21:16 | Create | Villager (Male) |
| 21:16 | Create | Villager (Male) |
| 21:16 | Create | Villager (Male) |
| 21:16 | Create | Villager (Male) |
| 21:24 | Create | Villager (Male) |
| 21:25 | Create | Villager (Male) |
| 21:40 | Create | Villager (Male) |
| 21:41 | Create | Villager (Male) |
| 22:03 | Create | Villager (Male) |
| 22:04 | Create | Villager (Male) |
| 22:06 | Create | Bolas Rider |
| 22:06 | Create | Bolas Rider |
| 22:19 | Build | House |
| 22:20 | Build | House |
| 22:20 | Build | House |
| 22:24 | Research | Town Watch |
| 23:05 | Build | Outpost |
| 23:15 | Build | Outpost |
| 23:29 | Create | Villager (Male) |
| 23:29 | Create | Villager (Male) |
| 23:32 | Create | Bolas Rider |
| 23:40 | Research | Fletching |
| 24:51 | Create | Bolas Rider |
| 24:52 | Create | Bolas Rider |
| 24:55 | Build | Archery Range |
| 24:56 | Build | Archery Range |
| 25:03 | Research | Bodkin Arrow |
| 25:04 | Research | Padded Archer Armor |
| 25:08 | Create | Villager (Male) ×2 |
| 25:31 | Build | Outpost |
| 25:37 | Build | Outpost |
| 25:39 | Build | Outpost |
| 26:03 | Create | Villager (Male) |
| 26:03 | Create | Villager (Male) |
| 26:03 | Create | Villager (Male) |
| 26:11 | Build | Dock |
| 26:25 | Create | Bolas Rider |
| 26:25 | Create | Bolas Rider |
| 26:25 | Create | Bolas Rider |
| 26:26 | Create | Bolas Rider |
| 26:27 | Create | Bolas Rider |
| 26:27 | Create | Bolas Rider |
| 26:35 | Build | House |
| 26:35 | Build | House |
| 26:49 | Build | Dock |
| 26:59 | Build | Castle |
| 27:44 | Build | House |
| 27:46 | Build | House |
| 27:46 | Build | House |
| 28:00 | Create | Bolas Rider ×5 |
| 28:22 | Create | Villager (Male) |
| 28:22 | Create | Villager (Male) |
| 28:25 | Create | Villager (Male) |
| 28:25 | Create | Villager (Male) |
| 28:27 | Create | Fishing Ship |
| 28:28 | Create | Fishing Ship |
| 28:30 | Create | Fishing Ship |
| 28:30 | Create | Fishing Ship |
| 29:04 | Create | Villager (Male) ×2 |
| 29:05 | Build | Settlement |
| 29:08 | Build | Settlement |
| 29:45 | Create | Villager (Male) |
| 29:51 | Build | Stone Wall |
| 29:55 | Build | Fish Trap |
| 29:58 | Build | Fish Trap |
| 30:08 | Create | Bolas Rider ×5 |
| 30:33 | Build | Stone Wall |
| 30:35 | Build | Gate |
| 30:53 | Create | Bolas Rider ×5 |
| 30:53 | Create | Bolas Rider ×5 |
| 31:25 | Create | Fishing Ship ×5 |
| 32:11 | Create | Bolas Rider ×4 |
| 32:11 | Create | Bolas Rider ×4 |
| 32:21 | Build | Stone Wall |
| 32:25 | Build | Stone Wall |
| 32:26 | Build | Stone Wall |
| 32:27 | Build | Stone Wall |
| 32:35 | Build | Stone Wall |
| 32:41 | Create | Bolas Rider |
| 32:43 | Create | Villager (Male) |
| 32:44 | Create | Villager (Male) |
| 32:44 | Create | Villager (Male) |
| 32:44 | Create | Villager (Male) |
| 32:47 | Build | Fish Trap |
| 32:48 | Build | Fish Trap |
| 32:53 | Build | Settlement |
| 32:55 | Create | Villager (Male) |
Build order — [CL] Dubstepyzed
First 150 of 820 actions detected
| 0:41 | Build | Town Center |
| 1:56 | Build | House |
| 2:26 | Create | Villager (Male) |
| 2:27 | Create | Villager (Male) |
| 2:27 | Create | Villager (Male) |
| 2:27 | Create | Villager (Male) |
| 2:27 | Create | Villager (Male) |
| 3:31 | Create | Villager (Male) |
| 3:31 | Create | Villager (Male) |
| 3:32 | Create | Villager (Male) |
| 3:51 | Create | Villager (Male) |
| 3:51 | Create | Villager (Male) |
| 4:09 | Build | House |
| 4:11 | Build | Lumber Camp |
| 4:16 | Create | Villager (Male) |
| 4:16 | Create | Villager (Male) |
| 4:16 | Create | Villager (Male) |
| 4:53 | Create | Villager (Male) |
| 4:53 | Create | Villager (Male) |
| 4:53 | Create | Villager (Male) |
| 5:21 | Create | Villager (Male) |
| 6:03 | Create | Villager (Male) |
| 6:03 | Create | Villager (Male) |
| 6:07 | Build | House |
| 6:52 | Create | Villager (Male) |
| 6:53 | Create | Villager (Male) |
| 6:57 | Create | Villager (Male) |
| 7:03 | Create | Villager (Male) |
| 7:03 | Create | Villager (Male) |
| 8:02 | Build | Mill |
| 8:10 | Build | House |
| 8:13 | Create | Villager (Male) |
| 8:13 | Create | Villager (Male) |
| 8:46 | Create | Villager (Male) |
| 9:40 | Build | Barracks |
| 9:44 | Research | Feudal Age |
| 9:44 | Research | Feudal Age |
| 10:08 | Build | House |
| 11:10 | Create | Villager (Male) |
| 11:15 | Age | Feudal Age |
| 11:15 | Research | Double-Bit Axe |
| 11:15 | Research | Double-Bit Axe |
| 11:16 | Research | Double-Bit Axe |
| 11:17 | Build | Stable |
| 11:27 | Create | Villager (Male) |
| 11:45 | Create | Villager (Male) |
| 11:59 | Create | Scout Cavalry |
| 12:07 | Build | Farm |
| 12:09 | Create | Villager (Male) |
| 12:15 | Build | House |
| 12:21 | Create | Scout Cavalry |
| 12:31 | Build | Farm |
| 12:42 | Create | Villager (Male) |
| 12:48 | Create | Scout Cavalry |
| 12:57 | Build | Farm |
| 13:10 | Create | Villager (Male) |
| 13:13 | Research | Loom |
| 13:16 | Build | Farm |
| 13:17 | Build | Farm |
| 13:25 | Create | Scout Cavalry |
| 13:29 | Build | Blacksmith |
| 13:33 | Build | Farm |
| 13:35 | Build | House |
| 13:45 | Build | Farm |
| 13:50 | Create | Villager (Male) |
| 14:01 | Build | House |
| 14:03 | Create | Villager (Male) |
| 14:10 | Research | Forging |
| 14:39 | Create | Villager (Male) |
| 14:42 | Build | House |
| 14:49 | Build | Lumber Camp |
| 14:52 | Research | Wheelbarrow |
| 15:14 | Create | Villager (Male) |
| 15:43 | Build | Dock |
| 16:06 | Build | Palisade Wall |
| 16:07 | Build | Palisade Wall |
| 16:09 | Build | Palisade Wall |
| 16:09 | Build | Palisade Wall |
| 16:11 | Build | Palisade Wall |
| 16:15 | Build | Palisade Gate |
| 16:16 | Build | Palisade Wall |
| 16:17 | Build | Palisade Wall |
| 16:18 | Build | Palisade Wall |
| 16:20 | Build | Palisade Wall |
| 16:21 | Build | Palisade Wall |
| 16:35 | Create | Fishing Ship |
| 16:35 | Create | Fishing Ship |
| 16:48 | Create | Villager (Male) |
| 16:49 | Create | Villager (Male) |
| 17:08 | Create | Fishing Ship |
| 17:17 | Build | Fish Trap |
| 17:22 | Create | Villager (Male) |
| 17:25 | Build | Mining Camp |
| 17:39 | Build | House |
| 17:42 | Build | Palisade Wall |
| 18:01 | Build | Fish Trap |
| 18:21 | Create | Villager (Male) |
| 18:21 | Create | Villager (Male) |
| 18:45 | Build | Fish Trap |
| 18:45 | Create | Fishing Ship |
| 19:10 | Create | Villager (Male) |
| 19:22 | Build | Market |
| 19:30 | Create | Fishing Ship |
| 19:31 | Build | Fish Trap |
| 19:53 | Research | Castle Age |
| 19:53 | Research | Castle Age |
| 20:11 | Build | Mill |
| 20:23 | Build | Fish Trap |
| 20:24 | Create | Fishing Ship |
| 20:27 | Build | Palisade Wall |
| 20:32 | Build | Farm |
| 20:45 | Build | Farm |
| 20:53 | Build | Archery Range |
| 20:55 | Build | Archery Range |
| 21:10 | Build | Fish Trap |
| 21:15 | Create | Villager (Male) |
| 21:29 | Age | Castle Age |
| 21:31 | Create | Villager (Male) |
| 21:33 | Research | Bow Saw |
| 21:35 | Create | Villager (Male) |
| 21:54 | Create | Archer |
| 21:56 | Build | Archery Range |
| 22:10 | Create | Archer |
| 22:11 | Create | Archer |
| 22:15 | Create | Villager (Male) |
| 22:22 | Research | Tech 906 |
| 22:35 | Build | House |
| 22:35 | Build | House |
| 22:44 | Create | Archer |
| 22:48 | Research | Crossbowman (upgrade) |
| 22:49 | Create | Archer |
| 22:56 | Create | Villager (Male) |
| 23:10 | Create | Archer |
| 23:10 | Create | Archer |
| 23:15 | Build | Palisade Wall |
| 23:17 | Build | House |
| 23:17 | Build | House |
| 23:22 | Research | Gillnets |
| 23:26 | Create | Archer |
| 23:30 | Build | University |
| 23:32 | Create | Archer |
| 23:32 | Create | Archer |
| 23:43 | Build | Palisade Gate |
| 23:51 | Build | Farm |
| 23:52 | Create | Villager (Male) |
| 23:53 | Create | Villager (Male) |
| 23:56 | Research | Fletching |
| 24:02 | Create | Archer |
| 24:26 | Research | Ballistics |
| 24:31 | Research | Bodkin Arrow |
Build order — 姬七兮
First 150 of 442 actions detected
| 0:26 | Build | Town Center |
| 0:35 | Build | House |
| 2:59 | Create | Villager (Male) |
| 2:59 | Create | Villager (Male) |
| 3:00 | Create | Villager (Male) |
| 3:00 | Create | Villager (Male) |
| 3:00 | Create | Villager (Male) |
| 3:56 | Build | House |
| 4:09 | Build | House |
| 4:17 | Create | Villager (Male) |
| 4:17 | Create | Villager (Male) |
| 4:33 | Create | Villager (Male) |
| 4:41 | Research | Loom |
| 4:44 | Build | House |
| 5:09 | Create | Villager (Male) |
| 5:09 | Create | Villager (Male) |
| 5:28 | Build | Lumber Camp |
| 5:44 | Create | Villager (Male) |
| 5:48 | Create | Villager (Male) |
| 6:21 | Create | Villager (Male) |
| 7:01 | Create | Villager (Male) |
| 7:05 | Build | House |
| 7:07 | Create | Villager (Male) |
| 7:37 | Create | Villager (Male) |
| 8:53 | Create | Villager (Male) |
| 9:14 | Build | Mill |
| 9:16 | Create | Villager (Male) |
| 9:22 | Create | Villager (Male) |
| 9:49 | Create | Villager (Male) |
| 9:59 | Build | House |
| 10:04 | Create | Villager (Male) |
| 10:18 | Build | House |
| 10:32 | Build | House |
| 10:56 | Build | Mining Camp |
| 11:09 | Create | Villager (Male) |
| 11:16 | Research | Feudal Age |
| 12:04 | Build | House |
| 12:37 | Build | Barracks |
| 12:55 | Build | Palisade Wall |
| 12:56 | Build | Palisade Wall |
| 13:44 | Age | Feudal Age |
| 13:47 | Build | Archery Range |
| 13:49 | Create | Spearman |
| 13:49 | Create | Villager (Male) |
| 14:15 | Create | Villager (Male) |
| 14:34 | Build | Blacksmith |
| 14:42 | Create | Villager (Male) |
| 15:08 | Research | Castle Age |
| 15:17 | Create | Spearman |
| 15:51 | Create | Spearman |
| 16:06 | Create | Spearman |
| 16:15 | Build | Mining Camp |
| 16:36 | Create | Spearman |
| 17:02 | Build | Palisade Wall |
| 17:06 | Build | Palisade Wall |
| 17:09 | Build | Palisade Wall |
| 17:11 | Build | Palisade Wall |
| 17:29 | Build | House |
| 17:48 | Age | Castle Age |
| 17:59 | Create | Villager (Male) |
| 18:18 | Build | Castle |
| 18:24 | Build | Castle |
| 18:26 | Create | Villager (Male) |
| 18:55 | Create | Villager (Male) |
| 18:58 | Research | Double-Bit Axe |
| 20:16 | Build | Lumber Camp |
| 21:19 | Create | Genoese Crossbowman |
| 21:54 | Create | Villager (Male) |
| 21:56 | Create | Genoese Crossbowman |
| 22:10 | Create | Genoese Crossbowman |
| 22:19 | Create | Genoese Crossbowman |
| 22:22 | Create | Villager (Male) |
| 22:43 | Create | Genoese Crossbowman |
| 23:05 | Create | Villager (Male) |
| 23:06 | Create | Genoese Crossbowman |
| 23:26 | Create | Genoese Crossbowman |
| 23:34 | Create | Villager (Male) |
| 23:35 | Create | Genoese Crossbowman |
| 23:38 | Create | Genoese Crossbowman |
| 24:05 | Create | Genoese Crossbowman |
| 24:13 | Create | Villager (Male) |
| 24:23 | Build | Town Center |
| 24:26 | Create | Villager (Male) |
| 24:48 | Create | Genoese Crossbowman |
| 25:20 | Create | Genoese Crossbowman |
| 25:20 | Create | Villager (Male) |
| 25:33 | Create | Villager (Male) |
| 25:53 | Create | Genoese Crossbowman |
| 26:17 | Create | Villager (Male) |
| 26:29 | Research | Fletching |
| 26:29 | Research | Fletching |
| 26:29 | Research | Fletching |
| 26:39 | Build | Mill |
| 26:50 | Create | Villager (Male) |
| 27:08 | Create | Villager (Male) |
| 27:47 | Create | Genoese Crossbowman |
| 27:56 | Create | Genoese Crossbowman |
| 27:56 | Create | Villager (Male) |
| 27:57 | Create | Villager (Male) |
| 27:57 | Create | Villager (Male) |
| 28:16 | Build | Town Center |
| 28:26 | Create | Villager (Male) |
| 28:27 | Create | Genoese Crossbowman |
| 28:44 | Create | Villager (Male) |
| 28:44 | Create | Villager (Male) |
| 28:45 | Create | Genoese Crossbowman |
| 28:51 | Create | Villager (Male) |
| 28:56 | Build | Outpost |
| 28:56 | Research | Town Watch |
| 28:58 | Create | Villager (Male) |
| 29:04 | Create | Villager (Male) |
| 29:06 | Create | Genoese Crossbowman |
| 29:06 | Create | Genoese Crossbowman |
| 29:28 | Create | Villager (Male) |
| 29:29 | Create | Genoese Crossbowman |
| 29:35 | Build | Stone Wall |
| 29:37 | Create | Villager (Male) |
| 29:37 | Create | Villager (Male) |
| 29:48 | Create | Genoese Crossbowman |
| 29:49 | Create | Villager (Male) |
| 30:00 | Create | Villager (Male) |
| 30:10 | Create | Genoese Crossbowman |
| 30:10 | Create | Villager (Male) |
| 30:21 | Build | Mill |
| 30:22 | Create | Villager (Male) |
| 30:35 | Create | Villager (Male) |
| 30:37 | Create | Villager (Male) |
| 30:38 | Create | Genoese Crossbowman |
| 30:59 | Create | Genoese Crossbowman ×3 |
| 31:01 | Create | Villager (Male) ×3 |
| 31:27 | Create | Genoese Crossbowman |
| 31:33 | Create | Villager (Male) ×5 |
| 31:42 | Build | House |
| 31:43 | Build | House |
| 31:43 | Build | House |
| 31:43 | Build | House |
| 31:44 | Build | House |
| 31:44 | Build | House |
| 31:45 | Create | Villager (Male) |
| 31:45 | Create | Villager (Male) |
| 32:04 | Create | Villager (Male) |
| 32:06 | Create | Villager (Male) |
| 32:06 | Create | Villager (Male) |
| 32:18 | Build | Stone Wall |
| 32:21 | Build | Gate |
| 32:22 | Create | Villager (Male) |
| 32:25 | Create | Genoese Crossbowman |
| 32:26 | Create | Genoese Crossbowman |
| 32:26 | Create | Genoese Crossbowman |
| 32:26 | Create | Genoese Crossbowman |
Build order — Letra es mas malo que rapo
First 150 of 513 actions detected
| 0:32 | Build | Town Center |
| 2:21 | Build | House |
| 2:50 | Create | Villager (Male) |
| 2:50 | Create | Villager (Male) |
| 2:51 | Create | Villager (Male) |
| 2:51 | Create | Villager (Male) |
| 2:51 | Create | Villager (Male) |
| 4:04 | Create | Villager (Male) |
| 4:10 | Build | House |
| 4:26 | Create | Villager (Male) |
| 5:02 | Create | Villager (Male) |
| 5:06 | Build | Mill |
| 5:25 | Create | Villager (Male) |
| 6:12 | Create | Villager (Male) |
| 6:12 | Create | Villager (Male) |
| 6:44 | Build | House |
| 6:49 | Create | Villager (Male) |
| 7:14 | Create | Villager (Male) |
| 7:32 | Create | Villager (Male) |
| 8:18 | Create | Villager (Male) |
| 8:44 | Create | Villager (Male) |
| 8:57 | Research | Loom |
| 9:14 | Build | House |
| 9:44 | Create | Villager (Male) |
| 9:47 | Build | Lumber Camp |
| 10:10 | Research | Feudal Age |
| 11:06 | Build | Barracks |
| 11:51 | Create | Villager (Male) |
| 11:52 | Create | Villager (Male) |
| 11:52 | Create | Villager (Male) |
| 12:02 | Build | House |
| 12:14 | Build | Mill |
| 12:20 | Age | Feudal Age |
| 12:22 | Create | Villager (Male) |
| 12:26 | Build | Stable |
| 12:48 | Build | Mill |
| 12:53 | Create | Villager (Male) |
| 13:00 | Create | Scout Cavalry |
| 13:00 | Create | Scout Cavalry |
| 13:00 | Create | Scout Cavalry |
| 13:07 | Research | Double-Bit Axe |
| 13:31 | Create | Villager (Male) |
| 13:41 | Build | House |
| 13:50 | Create | Villager (Male) |
| 13:59 | Create | Scout Cavalry |
| 14:10 | Research | Horse Collar |
| 14:17 | Build | House |
| 14:27 | Create | Villager (Male) |
| 14:53 | Build | House |
| 14:54 | Create | Scout Cavalry |
| 15:43 | Create | Villager (Male) |
| 15:44 | Create | Villager (Male) |
| 16:09 | Create | Villager (Male) |
| 16:14 | Build | Mining Camp |
| 16:15 | Create | Villager (Male) |
| 16:15 | Create | Villager (Male) |
| 16:15 | Create | Villager (Male) |
| 16:19 | Build | House |
| 17:07 | Create | Villager (Male) |
| 17:12 | Build | Farm |
| 17:15 | Build | Farm |
| 17:18 | Create | Villager (Male) |
| 17:26 | Build | House |
| 17:57 | Create | Villager (Male) |
| 18:01 | Build | Farm |
| 18:12 | Build | Market |
| 18:47 | Create | Villager (Male) |
| 19:25 | Research | Castle Age |
| 22:44 | Build | Town Center |
| 23:34 | Research | Castle Age |
| 23:38 | Build | Lumber Camp |
| 26:14 | Age | Castle Age |
| 26:20 | Research | Wheelbarrow |
| 27:06 | Build | Town Center |
| 27:20 | Create | Villager (Male) |
| 27:30 | Research | Bow Saw |
| 27:33 | Create | Villager (Male) |
| 27:54 | Create | Villager (Male) |
| 28:05 | Build | Farm |
| 28:07 | Create | Villager (Male) |
| 28:24 | Build | Farm |
| 28:33 | Build | Town Center |
| 28:38 | Create | Villager (Male) |
| 28:40 | Create | Villager (Male) |
| 28:41 | Build | Farm |
| 28:45 | Create | Villager (Male) |
| 28:52 | Build | Farm |
| 28:54 | Build | Farm |
| 28:58 | Build | House |
| 28:59 | Build | House |
| 29:10 | Create | Villager (Male) |
| 29:14 | Build | Farm |
| 29:16 | Build | Farm |
| 29:17 | Create | Villager (Male) |
| 29:33 | Build | Farm |
| 29:37 | Create | Villager (Male) |
| 29:41 | Create | Villager (Male) |
| 29:45 | Build | Farm |
| 29:46 | Build | Farm |
| 29:51 | Build | Farm |
| 29:52 | Build | Farm |
| 29:58 | Create | Villager (Male) |
| 30:05 | Create | Villager (Male) |
| 30:10 | Create | Villager (Male) |
| 30:13 | Create | Villager (Male) |
| 30:21 | Build | House |
| 30:34 | Create | Villager (Male) |
| 30:44 | Create | Villager (Male) |
| 30:44 | Create | Villager (Male) |
| 30:48 | Build | Town Center |
| 31:02 | Create | Villager (Male) |
| 31:03 | Create | Villager (Male) |
| 31:05 | Build | Farm |
| 31:21 | Create | Villager (Male) |
| 31:23 | Create | Villager (Male) |
| 31:28 | Build | Farm |
| 31:38 | Build | House |
| 31:42 | Create | Villager (Male) |
| 31:43 | Create | Villager (Male) |
| 31:44 | Create | Villager (Male) |
| 31:51 | Create | Villager (Male) |
| 31:59 | Build | Mill |
| 32:01 | Build | Farm |
| 32:02 | Build | Farm |
| 32:20 | Create | Villager (Male) |
| 32:21 | Create | Villager (Male) |
| 32:27 | Create | Villager (Male) |
| 32:28 | Create | Villager (Male) |
| 32:50 | Create | Villager (Male) |
| 32:51 | Create | Villager (Male) |
| 33:00 | Build | House |
| 33:04 | Create | Villager (Male) |
| 33:08 | Build | Farm |
| 33:11 | Build | Farm |
| 33:17 | Build | Farm |
| 33:19 | Build | Farm |
| 33:25 | Build | Farm |
| 33:26 | Build | Farm |
| 33:28 | Build | Farm |
| 33:29 | Build | Farm |
| 33:32 | Build | Farm |
| 33:35 | Create | Villager (Male) |
| 33:36 | Create | Villager (Male) |
| 33:43 | Build | Farm |
| 33:46 | Build | House |
| 33:56 | Build | Mill |
| 33:57 | Create | Villager (Male) |
| 34:04 | Build | Farm |
| 34:05 | Build | Farm |
| 34:06 | Build | Farm |
Build order — 我是你巴巴
First 150 of 455 actions detected
| 0:12 | Build | Town Center |
| 0:47 | Build | House |
| 2:25 | Create | Villager (Male) |
| 2:25 | Create | Villager (Male) |
| 2:25 | Create | Villager (Male) |
| 2:26 | Create | Villager (Male) |
| 3:33 | Create | Villager (Male) |
| 3:34 | Create | Villager (Male) |
| 4:26 | Create | Villager (Male) |
| 4:26 | Create | Villager (Male) |
| 4:26 | Create | Villager (Male) |
| 4:27 | Create | Villager (Male) |
| 4:27 | Create | Villager (Male) |
| 4:49 | Build | Lumber Camp |
| 5:17 | Build | House |
| 5:22 | Research | Loom |
| 5:23 | Research | Loom |
| 5:24 | Create | Villager (Male) |
| 5:47 | Create | Villager (Male) |
| 5:58 | Create | Villager (Male) |
| 5:58 | Create | Villager (Male) |
| 6:20 | Create | Villager (Male) |
| 6:39 | Build | House |
| 7:29 | Create | Villager (Male) |
| 7:32 | Build | Mill |
| 7:47 | Create | Villager (Male) |
| 7:47 | Create | Villager (Male) |
| 7:55 | Create | Villager (Male) |
| 7:55 | Create | Villager (Male) |
| 8:00 | Build | House |
| 8:13 | Create | Villager (Male) |
| 8:46 | Build | House |
| 9:21 | Build | House |
| 10:04 | Create | Villager (Male) |
| 10:51 | Research | Feudal Age |
| 11:09 | Build | House |
| 11:14 | Build | Palisade Gate |
| 11:17 | Build | Palisade Wall |
| 11:18 | Build | Palisade Wall |
| 11:24 | Build | Palisade Wall |
| 13:01 | Age | Feudal Age |
| 13:03 | Create | Villager (Male) |
| 13:03 | Create | Villager (Male) |
| 13:10 | Build | Market |
| 13:18 | Build | Blacksmith |
| 13:43 | Build | Mining Camp |
| 14:02 | Research | Castle Age |
| 14:02 | Research | Castle Age |
| 14:22 | Research | Double-Bit Axe |
| 14:22 | Research | Double-Bit Axe |
| 15:46 | Research | Horse Collar |
| 15:54 | Build | Dock |
| 16:33 | Create | Fishing Ship |
| 16:33 | Create | Fishing Ship |
| 16:42 | Age | Castle Age |
| 16:49 | Build | Town Center |
| 16:53 | Create | Villager (Male) |
| 17:11 | Research | Tech 906 |
| 17:21 | Build | Fish Trap |
| 17:25 | Create | Villager (Male) |
| 17:50 | Create | Villager (Male) |
| 18:20 | Create | Villager (Male) |
| 18:25 | Create | Villager (Male) |
| 18:36 | Create | Fishing Ship |
| 18:58 | Build | Castle |
| 19:02 | Research | Wheelbarrow |
| 19:03 | Research | Wheelbarrow |
| 19:09 | Create | Fishing Ship |
| 19:24 | Build | Fish Trap |
| 19:26 | Create | Villager (Male) |
| 19:38 | Research | Bow Saw |
| 19:51 | Create | Villager (Male) |
| 19:52 | Create | Villager (Male) |
| 20:14 | Build | Fish Trap |
| 20:16 | Create | Villager (Male) |
| 20:31 | Create | Villager (Male) |
| 20:44 | Create | Mameluke |
| 20:52 | Build | Mill |
| 21:07 | Create | Mameluke |
| 21:18 | Create | Fishing Ship |
| 21:53 | Create | Villager (Male) |
| 21:54 | Create | Villager (Male) |
| 21:55 | Create | Mameluke |
| 22:32 | Create | Mameluke |
| 22:33 | Create | Villager (Male) |
| 22:35 | Build | Barracks |
| 22:41 | Build | Monastery |
| 23:01 | Create | Villager (Male) |
| 23:30 | Create | Monk |
| 23:31 | Create | Villager (Male) |
| 23:34 | Create | Fishing Ship |
| 23:40 | Build | Fish Trap |
| 23:41 | Create | Villager (Male) |
| 23:46 | Build | Mining Camp |
| 23:52 | Build | Stable |
| 24:01 | Create | Mameluke |
| 24:04 | Create | Villager (Male) |
| 24:07 | Research | Town Watch |
| 24:16 | Build | Town Center |
| 24:28 | Create | Mameluke |
| 24:32 | Research | Bloodlines |
| 24:33 | Research | Bloodlines |
| 24:46 | Build | Farm |
| 24:48 | Build | Farm |
| 24:55 | Build | House |
| 24:58 | Build | Palisade Wall |
| 25:00 | Build | Palisade Wall |
| 25:02 | Build | Palisade Wall |
| 25:08 | Build | Palisade Wall |
| 25:17 | Build | Palisade Wall |
| 25:25 | Create | Mameluke |
| 25:39 | Create | Mameluke |
| 25:42 | Create | Villager (Male) |
| 25:51 | Create | Villager (Male) |
| 25:51 | Create | Villager (Male) |
| 26:11 | Create | Villager (Male) |
| 26:11 | Create | Villager (Male) |
| 26:29 | Create | Mameluke |
| 26:38 | Create | Villager (Male) |
| 26:39 | Create | Villager (Male) |
| 26:39 | Create | Villager (Male) |
| 26:49 | Create | Villager (Male) |
| 26:59 | Build | Dock |
| 27:11 | Build | Mill |
| 27:13 | Create | Villager (Male) |
| 27:14 | Create | Villager (Male) |
| 27:20 | Build | Farm |
| 27:21 | Build | Farm |
| 27:24 | Build | Farm |
| 27:26 | Build | Farm |
| 27:35 | Build | Farm |
| 27:39 | Build | Farm |
| 27:47 | Research | Husbandry |
| 27:48 | Research | Husbandry |
| 27:50 | Create | Mameluke |
| 28:00 | Create | Villager (Male) |
| 28:01 | Create | Villager (Male) |
| 28:02 | Create | Villager (Male) |
| 28:07 | Build | House |
| 28:09 | Build | House |
| 28:10 | Build | House |
| 28:24 | Create | Villager (Male) |
| 28:24 | Create | Villager (Male) |
| 28:25 | Create | Villager (Male) |
| 28:36 | Build | Farm |
| 28:37 | Build | Farm |
| 28:51 | Create | Mameluke |
| 28:52 | Create | Mameluke |
| 29:13 | Create | Mameluke |
| 29:20 | Build | Siege Workshop |
Match timeline
| 9:40 | [CL] Dubstepyzed · first_building Barracks |
| 10:13 | eljotad8 · first_building Barracks |
| 10:29 | [CL] Nitrolanco · first_building Barracks |
| 11:06 | Letra es mas malo que rapo · first_building Barracks |
| 11:15 | [CL] Dubstepyzed · age_up feudal |
| 11:17 | [CL] Dubstepyzed · first_building Stable |
| 11:17 | 我是你巴巴 · wall_segment Palisade Wall x1 |
| 11:18 | 我是你巴巴 · wall_segment Palisade Wall x1 |
| 11:23 | survivorsteven · first_building Barracks |
| 11:24 | 我是你巴巴 · wall_segment Palisade Wall x3 |
| 11:27 | [CL] Nitrolanco · age_up feudal |
| 11:53 | [CL] Nitrolanco · first_building Stable |
| 12:20 | Letra es mas malo que rapo · age_up feudal |
| 12:22 | Basher · first_building Barracks |
| 12:26 | Letra es mas malo que rapo · first_building Stable |
| 12:37 | 姬七兮 · first_building Barracks |
| 12:55 | 姬七兮 · wall_segment Palisade Wall x1 |
| 12:56 | 姬七兮 · wall_segment Palisade Wall x1 |
| 13:01 | 我是你巴巴 · age_up feudal |
| 13:01 | Basher · wall_segment Palisade Wall x2 |
| 13:27 | [CL] Nitrolanco · wall_segment Palisade Wall x1 |
| 13:41 | eljotad8 · age_up feudal |
| 13:44 | 姬七兮 · age_up feudal |
| 13:46 | eljotad8 · first_building Stable |
| 13:47 | 姬七兮 · first_building Archery Range |
| 13:52 | Basher · wall_segment Palisade Wall x4 |
| 14:30 | Basher · age_up feudal |
| 14:31 | Basher · first_building Archery Range |
| 14:52 | survivorsteven · age_up feudal |
| 14:53 | survivorsteven · first_building Archery Range |
| 14:58 | Basher · wall_segment Palisade Wall x3 |
| 15:29 | Basher · wall_segment Palisade Wall x1 |
| 15:31 | Basher · wall_segment Palisade Wall x2 |
| 15:43 | [CL] Dubstepyzed · first_building Dock |
| 15:47 | survivorsteven · first_market_buy 100 food |
| 15:54 | 我是你巴巴 · first_building Dock |
| 15:55 | Basher · wall_segment Palisade Wall x9 |
| 16:06 | [CL] Dubstepyzed · wall_segment Palisade Wall x3 |
| 16:07 | [CL] Dubstepyzed · wall_segment Palisade Wall x4 |
| 16:09 | [CL] Dubstepyzed · wall_segment Palisade Wall x1 |
| 16:09 | [CL] Dubstepyzed · wall_segment Palisade Wall x1 |
| 16:11 | [CL] Dubstepyzed · wall_segment Palisade Wall x2 |
| 16:16 | [CL] Dubstepyzed · wall_segment Palisade Wall x3 |
| 16:17 | [CL] Dubstepyzed · wall_segment Palisade Wall x1 |
| 16:18 | [CL] Dubstepyzed · wall_segment Palisade Wall x1 |
| 16:20 | [CL] Dubstepyzed · wall_segment Palisade Wall x4 |
| 16:21 | [CL] Dubstepyzed · wall_segment Palisade Wall x3 |
| 16:22 | [CL] Nitrolanco · first_market_sell 100 food |
| 16:42 | 我是你巴巴 · age_up castle |
| 17:02 | 姬七兮 · wall_segment Palisade Wall x1 |
| 17:06 | 姬七兮 · wall_segment Palisade Wall x1 |
| 17:09 | 姬七兮 · wall_segment Palisade Wall x1 |
| 17:11 | 姬七兮 · wall_segment Palisade Wall x1 |
| 17:42 | [CL] Dubstepyzed · wall_segment Palisade Wall x10 |
| 17:48 | 姬七兮 · age_up castle |
| 18:03 | [CL] Nitrolanco · first_building Archery Range |
| 18:18 | 姬七兮 · first_building Castle |
| 18:26 | eljotad8 · first_building Archery Range |
| 18:28 | survivorsteven · age_up castle |
| 18:37 | Basher · wall_segment Palisade Wall x1 |
| 18:58 | Basher · wall_segment Palisade Wall x1 |
| 18:58 | 我是你巴巴 · first_building Castle |
| 19:07 | [CL] Nitrolanco · age_up castle |
| 19:08 | Basher · wall_segment Palisade Wall x2 |
| 19:10 | Basher · wall_segment Palisade Wall x1 |
| 19:23 | Letra es mas malo que rapo · first_market_sell 100 stone |
| 19:35 | Basher · wall_segment Palisade Wall x2 |
| 19:45 | Basher · first_market_buy 100 food |
| 19:52 | Basher · first_market_sell 100 food |
| 20:27 | [CL] Dubstepyzed · wall_segment Palisade Wall x1 |
| 20:53 | [CL] Dubstepyzed · first_building Archery Range |
| 20:53 | [CL] Nitrolanco · first_market_buy 100 wood |
| 21:29 | [CL] Dubstepyzed · age_up castle |
| 22:35 | 我是你巴巴 · first_building Barracks |
| 22:41 | 我是你巴巴 · first_building Monastery |
| 22:52 | [CL] Dubstepyzed · first_market_buy 100 wood |
| 23:15 | [CL] Dubstepyzed · wall_segment Palisade Wall x2 |
| 23:52 | 我是你巴巴 · first_building Stable |
| 24:30 | [CL] Dubstepyzed · first_market_sell 100 wood |
| 24:58 | 我是你巴巴 · wall_segment Palisade Wall x1 |
| 24:59 | eljotad8 · age_up castle |
| 25:00 | 我是你巴巴 · wall_segment Palisade Wall x1 |
| 25:02 | 我是你巴巴 · wall_segment Palisade Wall x1 |
| 25:08 | 我是你巴巴 · wall_segment Palisade Wall x1 |
| 25:17 | 我是你巴巴 · wall_segment Palisade Wall x1 |
| 26:11 | survivorsteven · first_building Dock |
| 26:14 | Letra es mas malo que rapo · age_up castle |
| 26:29 | Basher · wall_segment Palisade Wall x1 |
| 26:35 | [CL] Dubstepyzed · first_building Monastery |
| 26:59 | survivorsteven · first_building Castle |
| 27:01 | Letra es mas malo que rapo · first_market_buy 100 stone |
| 27:44 | 我是你巴巴 · first_market_buy 100 food |
| 28:38 | [CL] Nitrolanco · first_building Monastery |
| 29:20 | 我是你巴巴 · first_building Siege Workshop |
| 29:35 | 姬七兮 · wall_segment Stone Wall x6 |
| 29:51 | survivorsteven · wall_segment Stone Wall x1 |
| 30:33 | survivorsteven · wall_segment Stone Wall x14 |
| 32:07 | Basher · wall_segment Palisade Wall x1 |
| 32:08 | Basher · wall_segment Palisade Wall x1 |
| 32:10 | Basher · wall_segment Palisade Wall x1 |
| 32:18 | 姬七兮 · wall_segment Stone Wall x13 |
| 32:21 | survivorsteven · wall_segment Stone Wall x1 |
| 32:25 | survivorsteven · wall_segment Stone Wall x1 |
| 32:26 | survivorsteven · wall_segment Stone Wall x1 |
| 32:27 | survivorsteven · wall_segment Stone Wall x1 |
| 32:35 | survivorsteven · wall_segment Stone Wall x26 |
| 32:44 | [CL] Dubstepyzed · first_building Castle |
| 34:50 | 我是你巴巴 · first_building Archery Range |
| 35:16 | 姬七兮 · wall_segment Stone Wall x6 |
| 36:32 | eljotad8 · first_building Siege Workshop |
| 36:51 | Basher · age_up castle |
| 37:11 | eljotad8 · first_building Castle |
| 37:20 | Letra es mas malo que rapo · first_building Siege Workshop |
| 38:43 | [CL] Nitrolanco · first_building Castle |
| 39:05 | 姬七兮 · wall_segment Stone Wall x19 |
| 39:23 | Letra es mas malo que rapo · first_building Castle |
| 39:48 | [CL] Dubstepyzed · age_up imperial |
| 41:03 | Basher · first_building Siege Workshop |
| 41:14 | Letra es mas malo que rapo · age_up imperial |
| 41:30 | [CL] Dubstepyzed · first_building Siege Workshop |
| 42:47 | eljotad8 · first_market_buy 100 wood |
| 42:51 | 我是你巴巴 · age_up imperial |
| 44:19 | [CL] Nitrolanco · age_up imperial |
| 44:36 | 姬七兮 · wall_segment Stone Wall x18 |
| 46:20 | survivorsteven · age_up imperial |
| 48:10 | 姬七兮 · age_up imperial |
| 49:28 | 姬七兮 · first_market_buy 500 food |
| 49:32 | [CL] Nitrolanco · tribute_sent a jugador 1 |
| 49:32 | [CL] Nitrolanco · tribute_sent a jugador 2 |
| 49:32 | [CL] Nitrolanco · tribute_sent a jugador 3 |
| 49:32 | [CL] Nitrolanco · tribute_sent a jugador 4 |
| 49:32 | [CL] Nitrolanco · tribute_sent a jugador 5 |
| 49:32 | [CL] Nitrolanco · tribute_sent a jugador 6 |
| 49:32 | [CL] Nitrolanco · tribute_sent a jugador 7 |
| 49:48 | Letra es mas malo que rapo · first_building Archery Range |
| 52:30 | [CL] Nitrolanco · tribute_sent a jugador 1 |
| 52:30 | [CL] Nitrolanco · tribute_sent a jugador 2 |
| 52:30 | [CL] Nitrolanco · tribute_sent a jugador 3 |
| 52:30 | [CL] Nitrolanco · tribute_sent a jugador 4 |
| 52:30 | [CL] Nitrolanco · tribute_sent a jugador 5 |
| 52:30 | [CL] Nitrolanco · tribute_sent a jugador 6 |
| 52:30 | [CL] Nitrolanco · tribute_sent a jugador 7 |
| 53:58 | 姬七兮 · first_market_sell 500 food |
| 54:22 | 我是你巴巴 · first_market_sell 100 food |
| 55:03 | survivorsteven · first_market_sell 500 food |
| 55:09 | 我是你巴巴 · resign |
| 55:36 | Basher · wall_segment Palisade Wall x1 |
[ AI ANALYSIS · 1 CREDIT ]
What really happened in this match?
Wolo.gg analyzes every decision: build order, eco, micro, common mistakes by bracket. Personalized analysis on WhatsApp or Discord in 30 seconds.
Civ guide
Magyars
Perfil
Jugador #5969008